MWL (24 & UNDER)
LITTLE ROCK LEMMIWINKS @ ERIE JAXX
05/05/2030
 
TOP OF THE 1ST
Little Rock Lemmiwinks batting - Pitching for Erie Jaxx : RHP Iván Romero
Pitching: RHP Iván Romero
Batting: LHB Cisco Salazar 0-0: Ball
1-0: Swinging Strike
1-1: Swinging Strike
1-2: Strikes out swinging
Batting: RHB Kokaji Ridha 0-0: Called Strike
0-1: Ball
1-1: Ball
2-1: Ball
3-1: Foul Ball, location: 2F
3-2: Foul Ball, location: 2F
3-2: Strikes out swinging
Batting: RHB Eduardo Rojas 0-0: Ball
1-0: Ball
2-0: Swinging Strike
2-1: Foul Ball, location: 2F
2-2: Ball
3-2: Strikes out swinging
Top of the 1st over - 0 runs, 0 hits, 0 errors, 0 left on base; Little Rock 0 - Erie 0
BOTTOM OF THE 1ST
Erie Jaxx batting - Pitching for Little Rock Lemmiwinks : RHP Dan Catron
Pitching: RHP Dan Catron
Batting: RHB Ramón Maldonado 0-0: Ball
1-0: Ground out U3 (Groundball, 3L)
Batting: RHB James Richardson 0-0: Called Strike
0-1: Foul Ball, location: 2F
0-2: Strikes out swinging
Batting: LHB Gabriel Flores 0-0: Fly out, F9 (Flyball, 9D)
Bottom of the 1st over - 0 runs, 0 hits, 0 errors, 0 left on base; Little Rock 0 - Erie 0
TOP OF THE 2ND
Little Rock Lemmiwinks batting - Pitching for Erie Jaxx : RHP Iván Romero
Batting: LHB Ryan Martin 0-0: Called Strike
0-1: Ball
1-1: Ball
2-1: Called Strike
2-2: Foul Ball, location: 2F
2-2: Ball
3-2: SINGLE (Groundball, 34D)
Batting: LHB Lorenzo Féliz 0-0: Ball
1-0: Called Strike
1-1: Fielders Choice at 2nd, 4-6 (Groundball, 4D)
Batting: RHB Roberto Valdéz 0-0: Called Strike
0-1: Fly out, F7 (Flyball, 7)
Batting: RHB Júlio Colón 0-0: Called Strike
0-1: SINGLE (Line Drive, 78S)
Lorenzo Féliz to second
Batting: LHB Manny Robles 0-0: Called Strike
0-1: Foul Ball, location: 2F
0-2: Ball
1-2: Foul Ball, location: 2F
1-2: Foul Ball, location: 2F
1-2: Strikes out swinging
Top of the 2nd over - 0 runs, 2 hits, 0 errors, 2 left on base; Little Rock 0 - Erie 0
BOTTOM OF THE 2ND
Erie Jaxx batting - Pitching for Little Rock Lemmiwinks : RHP Dan Catron
Batting: RHB Miguel Sánchez 0-0: Called Strike
0-1: Foul Ball, location: 2F
0-2: Ball
1-2: Strikes out swinging
Batting: RHB Shane Marshall 0-0: Ball
1-0: Called Strike
1-1: Foul Ball, location: 2F
1-2: Ball
2-2: Strikes out swinging
Batting: RHB Danny Morrison 0-0: Fly out, F8 (Flyball, 8LXD)
Bottom of the 2nd over - 0 runs, 0 hits, 0 errors, 0 left on base; Little Rock 0 - Erie 0
TOP OF THE 3RD
Little Rock Lemmiwinks batting - Pitching for Erie Jaxx : RHP Iván Romero
Batting: RHB Norberto Gallardo 0-0: Ground out 5-3 (Groundball, 5)
Batting: LHB Cisco Salazar 0-0: Called Strike
0-1: Ball
1-1: Foul Ball, location: 2F
1-2: Ball
2-2: Foul Ball, location: 2F
2-2: Foul Ball, location: 2F
2-2: Fly out, F3 (Popup, 34)
Batting: RHB Kokaji Ridha 0-0: Swinging Strike
0-1: Foul Ball, location: 2F
0-2: Strikes out swinging
Top of the 3rd over - 0 runs, 0 hits, 0 errors, 0 left on base; Little Rock 0 - Erie 0
BOTTOM OF THE 3RD
Erie Jaxx batting - Pitching for Little Rock Lemmiwinks : RHP Dan Catron
Batting: LHB Mark Sanders 0-0: Foul Ball, location: 2F
0-1: Ball
1-1: Ball
2-1: Ball
3-1: Swinging Strike
3-2: Base on Balls
Batting: LHB Matt Moore 0-0: Ball
1-0: Foul Ball, location: 2F
1-1: Foul Ball, location: 2F
1-2: Strikes out looking
Batting: RHB Juan González 0-0: Swinging Strike
0-1: Ball
1-1: Swinging Strike
1-2: Ball
2-2: Ball
Wild Pitch!
Mark Sanders to second
3-2: Strikes out looking
Batting: RHB Ramón Maldonado 0-0: Ball
1-0: Called Strike
1-1: Swinging Strike
1-2: Foul Ball, location: 2F
1-2: Ball
2-2: Strikes out swinging
Bottom of the 3rd over - 0 runs, 0 hits, 0 errors, 1 left on base; Little Rock 0 - Erie 0
TOP OF THE 4TH
Little Rock Lemmiwinks batting - Pitching for Erie Jaxx : RHP Iván Romero
Batting: RHB Eduardo Rojas 0-0: SINGLE (Line Drive, 78M)
Batting: LHB Ryan Martin 0-0: Ball
1-0: Ball
2-0: Foul Ball, location: 2F
2-1: SINGLE (Groundball, 4MD)
Eduardo Rojas to second
Runner from 2nd tries for 3rd, SAFE, no throw
Batting: LHB Lorenzo Féliz 0-0: Fly out, F7 (Flyball, 7)
Runner from 3rd tags up, SCORES, throw made
Batting: RHB Roberto Valdéz 0-0: Called Strike
0-1: Foul Ball, location: 2F
0-2: Strikes out looking
Batting: RHB Júlio Colón 0-0: Ball
1-0: Called Strike
1-1: Swinging Strike
1-2: Fly out, F9 (Flyball, 9S)
Top of the 4th over - 1 run, 2 hits, 0 errors, 1 left on base; Little Rock 1 - Erie 0
BOTTOM OF THE 4TH
Erie Jaxx batting - Pitching for Little Rock Lemmiwinks : RHP Dan Catron
Batting: RHB James Richardson 0-0: Called Strike
0-1: Called Strike
0-2: Ball
1-2: Strikes out looking
Batting: LHB Gabriel Flores 0-0: Ball
1-0: Fly out, F4 (Popup, 4M)
Batting: RHB Miguel Sánchez 0-0: Ball
1-0: Ball
2-0: Ball
3-0: Called Strike
3-1: Called Strike
3-2: Base on Balls
Batting: RHB Shane Marshall 0-0: Foul Ball, location: 2F
0-1: Foul Ball, location: 2F
0-2: Hit by Pitch
Miguel Sánchez to second
Batting: RHB Danny Morrison 0-0: Called Strike
0-1: Ball
1-1: Ball
2-1: Called Strike
2-2: Ball
3-2: Base on Balls
Miguel Sánchez to third
Shane Marshall to second
Batting: LHB Mark Sanders 0-0: Ball
1-0: Swinging Strike
1-1: Ball
2-1: Foul Ball, location: 2F
2-2: Ground out 4-3 (Groundball, 34D)
Bottom of the 4th over - 0 runs, 0 hits, 0 errors, 3 left on base; Little Rock 1 - Erie 0
TOP OF THE 5TH
Little Rock Lemmiwinks batting - Pitching for Erie Jaxx : RHP Iván Romero
Batting: LHB Manny Robles 0-0: Bunted foul
0-1: Fly out, F7 (Flyball, 7)
Batting: RHB Norberto Gallardo 0-0: Called Strike
0-1: Fly out, F7 (Flyball, 7S)
Batting: LHB Cisco Salazar 0-0: Ball
1-0: Ball
2-0: Ball
3-0: Foul Ball, location: 2F
3-1: Swinging Strike
3-2: Foul Ball, location: 2F
3-2: Foul Ball, location: 2F
3-2: Foul Ball, location: 2F
3-2: Strikes out looking
Top of the 5th over - 0 runs, 0 hits, 0 errors, 0 left on base; Little Rock 1 - Erie 0
BOTTOM OF THE 5TH
Erie Jaxx batting - Pitching for Little Rock Lemmiwinks : RHP Dan Catron
Batting: LHB Matt Moore 0-0: Ball
1-0: Ball
2-0: Called Strike
2-1: Ball
3-1: Base on Balls
Batting: RHB Juan González 0-0: Called Strike
0-1: Swinging Strike
0-2: Ball
Throwing error on steal attempt, E2
Matt Moore to third
1-2: Strikes out swinging
Batting: RHB Ramón Maldonado 0-0: Swinging Strike
0-1: Foul Ball, location: 2F
0-2: Strikes out swinging
Batting: RHB James Richardson 0-0: Ball
1-0: Foul Ball, location: 2F
1-1: Hit by Pitch
Batting: LHB Gabriel Flores 0-0: Called Strike
0-1: Ball
1-1: Called Strike
1-2: Ball
2-2: Ground out 4-3 (Groundball, 4S)
Bottom of the 5th over - 0 runs, 0 hits, 1 error, 2 left on base; Little Rock 1 - Erie 0
TOP OF THE 6TH
Little Rock Lemmiwinks batting - Pitching for Erie Jaxx : RHP Iván Romero
Batting: RHB Kokaji Ridha 0-0: Ball
1-0: Ball
2-0: Bunt for hit - play at first, batter OUT! 1-3
Batting: RHB Eduardo Rojas 0-0: Ball
1-0: Foul Ball, location: 2F
1-1: Called Strike
1-2: Strikes out swinging
Batting: LHB Ryan Martin 0-0: Ball
1-0: Ball
2-0: SOLO HOME RUN (Flyball, 9LD), Distance : 355 ft
Batting: LHB Lorenzo Féliz 0-0: Foul Ball, location: 2F
0-1: Called Strike
0-2: Ball
1-2: Strikes out swinging
Top of the 6th over - 1 run, 1 hit, 0 errors, 0 left on base; Little Rock 2 - Erie 0
BOTTOM OF THE 6TH
Erie Jaxx batting - Pitching for Little Rock Lemmiwinks : RHP Dan Catron
Batting: RHB Miguel Sánchez 0-0: Ball
1-0: Swinging Strike
1-1: Called Strike
1-2: Ball
2-2: SINGLE (Line Drive, 4M)
Pitching: RHP Brian Harvey
Batting: RHB Shane Marshall 0-0: Ball
1-0: Ball
2-0: Called Strike
2-1: DOUBLE (Line Drive, 9LM)
Miguel Sánchez to third
Batting: RHB Danny Morrison 0-0: Called Strike
0-1: Ball
1-1: Ball
2-1: Fly out, F7 (Flyball, 7LSF)
Runner from 3rd tags up, SCORES, no throw
Batting: LHB Mark Sanders 0-0: Foul Ball, location: 2F
0-1: Swinging Strike
0-2: Strikes out swinging
Batting: LHB Matt Moore 0-0: Ground out U3 (Groundball, 3L)
Bottom of the 6th over - 1 run, 2 hits, 0 errors, 1 left on base; Little Rock 2 - Erie 1
TOP OF THE 7TH
Little Rock Lemmiwinks batting - Pitching for Erie Jaxx : RHP Iván Romero
Pitching: RHP Robbie Hopps
Batting: RHB Roberto Valdéz 0-0: Foul Ball, location: 2F
0-1: SOLO HOME RUN (Flyball, 78XD), Distance : 396 ft
Batting: RHB Júlio Colón 0-0: Called Strike
0-1: Foul Ball, location: 2F
0-2: Foul Ball, location: 2F
0-2: Foul Ball, location: 2F
0-2: Strikes out looking
Batting: LHB Manny Robles 0-0: Ball
1-0: Ball
2-0: Ball
3-0: Called Strike
3-1: Called Strike
3-2: Foul Ball, location: 2F
3-2: Strikes out swinging
Batting: RHB Norberto Gallardo 0-0: Ball
1-0: Ball
2-0: Ball
3-0: Called Strike
3-1: Called Strike
3-2: SINGLE (Line Drive, 56D)
Batting: LHB Cisco Salazar 0-0: Called Strike
0-1: Swinging Strike
0-2: Strikes out looking
Top of the 7th over - 1 run, 2 hits, 0 errors, 1 left on base; Little Rock 3 - Erie 1
BOTTOM OF THE 7TH
Erie Jaxx batting - Pitching for Little Rock Lemmiwinks : RHP Brian Harvey
Batting: RHB Juan González 0-0: Foul Ball, location: 2F
0-1: Ball
1-1: Foul Ball, location: 2F
1-2: Ball
2-2: Ball
3-2: Foul Ball, location: 2F
3-2: Base on Balls
Batting: RHB Ramón Maldonado 0-0: Ball
1-0: Called Strike
Juan González steals 2nd base
1-1: Foul Ball, location: 2F
1-2: Strikes out swinging
Batting: RHB James Richardson 0-0: Ball
1-0: Foul Ball, location: 2F
1-1: Foul Ball, location: 2F
1-2: Ball
2-2: Foul Ball, location: 2F
2-2: Foul Ball, location: 2F
2-2: Foul Ball, location: 2F
2-2: Foul Ball, location: 2F
2-2: Foul Ball, location: 2F
2-2: Foul Ball, location: 2F
2-2: Ball
3-2: Foul Ball, location: 2F
3-2: Fly out, F9 (Flyball, 89S)
Pitching: LHP Tom Martin
Batting: LHB Gabriel Flores 0-0: Ball
1-0: Swinging Strike
1-1: Swinging Strike
1-2: Strikes out swinging
Bottom of the 7th over - 0 runs, 0 hits, 0 errors, 1 left on base; Little Rock 3 - Erie 1
TOP OF THE 8TH
Little Rock Lemmiwinks batting - Pitching for Erie Jaxx : RHP Robbie Hopps
Batting: RHB Kokaji Ridha 0-0: Foul Ball, location: 2F
0-1: Ball
1-1: Called Strike
1-2: Foul Ball, location: 2F
1-2: Ball
2-2: Fly out, F3 (Popup, 3F)
Batting: RHB Eduardo Rojas 0-0: Ball
1-0: Called Strike
1-1: Ground out 6-3 (Groundball, 6)
Batting: LHB Ryan Martin 0-0: Swinging Strike
0-1: Ground out 4-3 (Groundball, 4)
Top of the 8th over - 0 runs, 0 hits, 0 errors, 0 left on base; Little Rock 3 - Erie 1
BOTTOM OF THE 8TH
Erie Jaxx batting - Pitching for Little Rock Lemmiwinks : LHP Tom Martin
Pitching: RHP António Gamboa
Batting: RHB Miguel Sánchez 0-0: Fly out, F7 (Flyball, 7D)
Batting: RHB Shane Marshall 0-0: Ball
1-0: Swinging Strike
1-1: Foul Ball, location: 2F
1-2: Ball
2-2: Foul Ball, location: 2F
2-2: Ball
3-2: Foul Ball, location: 2F
3-2: Foul Ball, location: 2F
3-2: Ground out 4-3 (Groundball, 4M)
Batting: RHB Danny Morrison 0-0: Ball
1-0: Ball
2-0: Ball
3-0: Called Strike
3-1: Base on Balls
Batting: LHB Mark Sanders 0-0: Ball
1-0: Fielders Choice at 2nd, 6-4 (Groundball, 6)
Bottom of the 8th over - 0 runs, 0 hits, 0 errors, 1 left on base; Little Rock 3 - Erie 1
TOP OF THE 9TH
Little Rock Lemmiwinks batting - Pitching for Erie Jaxx : RHP Robbie Hopps
Pitching: LHP Jesús Acosta
Batting: LHB Lorenzo Féliz 0-0: Called Strike
0-1: Called Strike
0-2: Fly out, F8 (Flyball, 78D)
Batting: RHB Roberto Valdéz 0-0: Ball
1-0: Ball
2-0: SINGLE (Line Drive, 7LS)
Batting: RHB Júlio Colón 0-0: Called Strike
0-1: Called Strike
0-2: Foul Ball, location: 2F
0-2: Strikes out swinging
Batting: LHB Manny Robles 0-0: Ball
1-0: Called Strike
1-1: Hit by Pitch
Roberto Valdéz to second
Pinch Hitting: RHB Germán Vargas 0-0: Foul Ball, location: 2F
0-1: Foul Ball, location: 2F
0-2: Ball
1-2: Ball
2-2: Foul Ball, location: 2F
2-2: Fly out, F5 (Popup, 6S)
Top of the 9th over - 0 runs, 1 hit, 0 errors, 2 left on base; Little Rock 3 - Erie 1
BOTTOM OF THE 9TH
Erie Jaxx batting - Pitching for Little Rock Lemmiwinks : RHP António Gamboa
Pitching: RHP Muneyaki Nakamura
Now in RF: Germán Vargas
Batting: LHB Matt Moore 0-0: Ball
1-0: Swinging Strike
1-1: Foul Ball, location: 2F
1-2: Ball
2-2: Ground out U3 (Groundball, 3)
Batting: RHB Juan González 0-0: Foul Ball, location: 2F
0-1: Ball
1-1: Foul Ball, location: 2F
1-2: Foul Ball, location: 2F
1-2: Ball
2-2: Strikes out swinging
Batting: RHB Ramón Maldonado 0-0: Called Strike
0-1: Fly out, F8 (Flyball, 8RM)
Bottom of the 9th over - 0 runs, 0 hits, 0 errors, 0 left on base; Little Rock 3 - Erie 1
Saturday, April 7th, 2018 - OOTP Baseball 18.8 Build 76